 Dungeon Crawl Stone Soup version 0.24.0-123-gd5b16e6ec5 (webtiles) character file.

Game seed: 2729211955902025189, levelgen mode: deterministic

36022 Johnny the Impaler (level 13, -6/177 HPs)
             Began as a Demigod Gladiator on Jan 25, 2020.
             Killed from afar by a ynoxinul (35 damage)
             ... with an iron shot
             ... on level 3 of the Abyss.
             The game lasted 00:17:59 (13475 turns).

Johnny the Impaler (Demigod Gladiator)             Turns: 13475, Time: 00:18:00

Health: -6/177     AC:  6    Str: 30    XL:     13   Next: 19%
Magic:  20/20      EV: 13    Int: 12    God:
Gold:   745        SH:  0    Dex: 17    Spells: 12/12 levels left

rFire    . . .     SeeInvis +   C - +4 halberd (freeze)
rCold    . . .     Gourm    .   (shield currently unavailable)
rNeg     . . .     Faith    .   e - +1 troll leather armour
rPois    +         Spirit   .   c - +0 helmet
rElec    .         Reflect  .   n - scarf {cloud immunity}
rCorr    .         Harm     .   (no gloves)
MR       +....                  (no boots)
Stlth    ..........             k - amulet of rage
HPRegen  0.79/turn              y - ring of poison resistance
MPRegen  0.17/turn              H - ring of see invisible

@: berserking (expiring), slowed, studying Shields
A: high mp 1
a: Evoke Berserk Rage


You were on level 3 of the Abyss.
You were very full.

You visited 1 branch of the dungeon, and saw 14 of its levels.
You visited the Abyss 1 time.
You also visited: Sewer.

You collected 865 gold pieces.
You spent 120 gold pieces at shops.

Inventory:

Hand Weapons
 r - a +1 demon trident of venom
 C - a +4 halberd of freezing (weapon)
Missiles
 d - 6 throwing nets (quivered)
Armour
 c - a +0 helmet (worn)
 e - a +1 troll leather armour (worn)
 n - a scarf of cloud immunity (worn)
 Q - +0 fire dragon scales
 T - the +7 scale mail of the Greedy {rN+}
   (You found it on level 13 of the Dungeon)

   It protects you from negative energy.
Jewellery
 h - an uncursed amulet of the gourmand
 k - an amulet of rage (around neck)
 s - an uncursed amulet of faith {unknown}
 y - a ring of poison resistance (left hand)
 B - an uncursed amulet of the acrobat {unknown}
 F - an uncursed ring of protection from fire
 H - a ring of see invisible (right hand)
 R - a cursed ring of attention {unknown}
 S - a +6 ring of dexterity {unknown}
Wands
 p - a wand of random effects (36)
 G - a wand of acid (14)
 N - a wand of disintegration (10)
 V - a wand of flame (6)
Scrolls
 g - a scroll of teleportation
 o - 4 scrolls of immolation
 t - a scroll of magic mapping
 v - a scroll of blinking
 x - 3 scrolls of fear
 A - 2 scrolls of fog
 D - 6 scrolls of amnesia
 E - 3 scrolls of silence
 J - 4 scrolls of remove curse
 O - a scroll of vulnerability
Potions
 a - 6 potions of curing
 b - 4 potions of flight
 i - 2 potions of heal wounds
 j - a potion of ambrosia
 l - 2 potions of resistance {unknown}
 m - a potion of lignification {unknown}
 q - 5 potions of mutation
 u - 2 potions of degeneration {unknown}
 w - 3 potions of brilliance {unknown}
 z - 3 potions of agility {unknown}
 K - 2 potions of haste {unknown}
 L - a potion of magic {unknown}
 P - a potion of berserk rage
Books
 I - a manual of Shields
Miscellaneous
 U - a lamp of fire
Comestibles
 f - 26 rations


   Skills:
 + Level 12.1 Fighting
 * Level 16.3 Polearms
 - Level 1.7 Throwing
 - Level 2.6 Dodging
 - Level 5.0 Evocations


You had 12 spell levels left.
You didn't know any spells.
Your spell library contained the following spells:

 Spells                   Type           Power        Failure   Level  Hunger
 Animate Skeleton         Necr           N/A          36%         1    ##.....
 Apportation              Tloc           #.....       36%         1    ##.....
 Confusing Touch          Hex            #.....       36%         1    ##.....
 Shock                    Conj/Air       #...         36%         1    ##.....
 Summon Small Mammal      Summ           #...         36%         1    ##.....
 Swiftness                Chrm/Air       #.......     50%         2    ###....
 Static Discharge         Conj/Air       #.......     73%         3    ####...
 Airstrike                Air            #.........   98%         4    #####..
 Lightning Bolt           Conj/Air       #.........   100%        5    ######.


Dungeon Overview and Level Annotations

Branches:
Dungeon (14/15)            Temple (0/1) D:7            Lair (0/6) D:10
    Orc (0/2) D:10         Vaults (0/5) D:13          Sewer (visited)

Shops:
D:8 (   D:11 *   D:13 %

Annotations:
D:4 1 runed translucent door
D:5 exclusion: statue
D:10 1 runed translucent door, Gazet's ghost, novice DEFE
D:14 Louise


Innate Abilities, Weirdness & Mutations

You have an increased reservoir of magic. (+10% MP)


Message History

You puncture the wraith! You freeze the wraith.
The wraith is moderately damaged.
Unknown command.
You slash the wraith! You freeze the wraith.
The wraith is severely damaged.
The wraith hits you.
* * * LOW HITPOINT WARNING * * *
The wraith drains your vigour!
You feel yourself slow down.
You closely miss the wraith.
The wraith is severely damaged.
You cut the wraith into ribbons!!! You freeze the wraith.
You destroy the wraith!
The +1 long sword of holy wrath barely misses you.
The large abomination hits you!
* * * LOW HITPOINT WARNING * * *
A starcursed mass comes into view.
The +1 long sword of holy wrath barely misses you.
The ynoxinul gestures at you. The iron shot hits you!!
You die...

.# .. .. #X.. #
####### .##..# #
...... ..#..# .
.......###......
..........#..# #
. ..
........(.#.§# .
.. . . #.3.@# .
$.....#X.# .
.....##..... #.
#####......# ≈
##.....# ≈ ≈
.#.#..# ≈
.[#.##.. ......
##. ### §


You could see a starcursed mass (wandering), a large abomination, a ynoxinul and
a +1 long sword of holy wrath.

Vanquished Creatures
  A fire dragon (D:12)
  2 vault guards (D:13)
  Erica (D:8)
  A centaur warrior (D:12)
  5 two-headed ogres
  Urug (D:12)
  A thrashing horror (Abyss:3)
  An unseen horror (D:10)
  2 wizards (D:13)
  2 large abominations (Abyss:3)
  A necromancer (D:13)
  Pikel (D:7)
  2 cyclopes (D:13)
  A deep elf mage (D:12)
  A manticore (D:11)
  An ugly thing (D:11)
  A centaur zombie (D:13)
  Joseph (D:8)
  A gargoyle (D:13)
  4 centaur skeletons
  2 kobold demonologists (D:13)
  A komodo dragon (D:10)
  An efreet (Abyss:3)
  5 trolls
  The ghost of Alannah the Bolt Thrower, an amateur DsHu (D:3)
  4 hornets
  A raiju (shapeshifter) (D:13)
  4 slime creatures (D:12)
  8 hippogriffs
  A meliai zombie (D:12)
  A wraith (Abyss:3)
  A vampire (D:8)
  4 wyverns
  A water elemental (D:13)
  A hungry ghost (D:11)
  A steam dragon (D:9)
  3 hogs (D:8)
  22 yaks
  19 humans
  4 vampire mosquitoes (D:12)
  Menkaure (D:5)
  Edmund (D:6)
  A soldier ant (D:13)
  7 orc warriors
  2 slaves (D:7)
  An eye of draining (D:9)
  A black bear (D:11)
  4 ice beasts
  2 sky beasts
  2 necrophages
  3 phantoms
  10 centaurs
  6 ogres
  4 big kobolds
  Blork the orc (D:5)
  9 bullfrogs
  A wyvern zombie (D:13)
  9 killer bees
  6 scorpions
  7 wights
  8 crimson imps
  2 bullfrog zombies
  A quasit (D:11)
  3 hounds
  3 orc priests
  5 jellies
  3 bullfrog skeletons
  15 orc wizards
  3 iguanas
  Ijyb (D:3)
  12 worker ants
  A hound zombie (D:6)
  2 hound skeletons
  2 howler monkey zombies
  4 gnolls (D:5)
  21 adders
  2 river rats (Sewer)
  2 shadow imps
  An adder skeleton (D:8)
  8 worms
  5 dart slugs
  3 leopard geckos
  49 orcs
  A ball python (D:4)
  8 bats
  3 giant cockroaches
  5 goblins
  10 hobgoblins
  16 jackals
  4 frilled lizards
  15 kobolds
  2 leopard gecko skeletons
  A leopard gecko zombie (D:6)
  2 quokka skeletons
  15 rats
432 creatures vanquished.

Vanquished Creatures (others)
  A bullfrog skeleton (D:7)
  A jackal (D:6)
  A plant (D:10)
3 creatures vanquished.

Grand Total: 435 creatures vanquished

Notes
Turn   | Place    | Note
-------+----------+-------------------------------------------
     0 | D:1      | Johnny the Demigod Gladiator began the quest for the Orb.
     0 | D:1      | Reached XP level 1. HP: 17/17 MP: 3/3
    27 | D:1      | Reached skill level 3 in Polearms
   115 | D:1      | Reached XP level 2. HP: 24/24 MP: 4/4
   567 | D:2      | Found an iron altar of Okawaru.
   577 | D:2      | Reached XP level 3. HP: 30/30 MP: 5/5
   900 | D:2      | Reached skill level 4 in Polearms
   900 | D:2      | Reached XP level 4. HP: 26/37 MP: 6/6
  1161 | D:2      | Reached skill level 1 in Evocations
  1498 | D:3      | Found a burning altar of Makhleb.
  1638 | D:3      | Noticed Ijyb
  1653 | D:3      | Killed Ijyb
  1653 | D:3      | Reached XP level 5. HP: 16/45 MP: 8/8
  1836 | D:3      | Found a basalt altar of Yredelemnul.
  1838 | D:3      | Found a shimmering blue altar of Sif Muna.
  1838 | D:3      | Found a glowing golden altar of the Shining One.
  1839 | D:3      | Found a stormy altar of Qazlal.
  1843 | D:3      | Found an ornate altar of the Wu Jian Council.
  1928 | D:3      | Found a faded altar of an unknown god.
  2470 | D:4      | Reached skill level 5 in Polearms
  2487 | D:4      | Found a runed translucent door.
  2488 | D:4      | Noticed Alannah's ghost (amateur DsHu)
  2650 | D:4      | Noticed an ogre
  2656 | D:4      | Killed an ogre
  2656 | D:4      | Reached XP level 6. HP: 47/51 MP: 10/10
  3130 | D:4      | Found a runed translucent door.
  3258 | D:3      | Killed Alannah's ghost
  3258 | D:3      | Reached skill level 6 in Polearms
  3258 | D:3      | Reached XP level 7. HP: 36/59 MP: 10/12
  3326 | D:5      | Entered Level 5 of the Dungeon
  3342 | D:5      | Noticed Menkaure
  3354 | D:5      | Killed Menkaure
  3726 | D:5      | Found a shimmering altar of Xom.
  3739 | D:5      | Noticed Blork the orc
  3886 | D:5      | Killed Blork the orc
  3950 | D:5      | Found a radiant altar of Vehumet.
  4041 | D:5      | Reached skill level 7 in Polearms
  4041 | D:5      | Reached XP level 8. HP: 48/67 MP: 14/14
  4250 | D:5      | Reached skill level 5 in Fighting
  4272 | D:5      | Found a shadowy altar of Dithmenos.
  4343 | D:6      | Noticed Edmund
  4358 | D:6      | Killed Edmund
  4472 | D:6      | Reached skill level 8 in Polearms
  4618 | D:6      | Found a sacrificial altar of Ru.
  4639 | D:6      | Found a shadowy altar of Dithmenos.
  4644 | D:6      | Reached skill level 5 in Evocations
  4701 | D:6      | Found a glowing drain.
  4714 | Sewer    | Entered a sewer
  4818 | Sewer    | Found a white marble altar of Elyvilon.
  4889 | D:6      | Reached XP level 9. HP: 70/75 MP: 16/16
  4974 | D:7      | Reached skill level 9 in Polearms
  5276 | D:7      | Noticed a two-headed ogre
  5287 | D:7      | Killed a two-headed ogre
  5287 | D:7      | Reached skill level 10 in Polearms
  5429 | D:7      | Found a staircase to the Ecumenical Temple.
  5484 | D:7      | Noticed Pikel
  5503 | D:7      | Killed Pikel
  5769 | D:8      | Reached XP level 10. HP: 86/86 MP: 17/17
  5809 | D:8      | Found a sparkling altar of Nemelex Xobeh.
  6145 | D:8      | Reached skill level 11 in Polearms
  6396 | D:8      | Found Woosynt's Antique Weapon Boutique.
  6576 | D:8      | Noticed Joseph
  6583 | D:8      | Killed Joseph
  6725 | D:8      | Noticed Erica
  6727 | D:8      | Found a shattered altar of Ashenzari.
  6735 | D:8      | Killed Erica
  6738 | D:8      | Reached skill level 12 in Polearms
  7232 | D:9      | Reached XP level 11. HP: 84/97 MP: 18/18
  7454 | D:9      | Found a blossoming altar of Fedhas.
  7483 | D:10     | Entered Level 10 of the Dungeon
  7483 | D:10     | Noticed an unseen horror
  7491 | D:10     | Killed an unseen horror
  7510 | D:10     | Found a runed translucent door.
  7510 | D:10     | Noticed a flayed ghost
  7510 | D:10     | Noticed Gazet's ghost (novice DEFE)
  7576 | D:10     | Noticed a two-headed ogre
  7584 | D:10     | Killed a two-headed ogre
  7584 | D:10     | Reached skill level 13 in Polearms
  7911 | D:10     | Found a staircase to the Orcish Mines.
  8026 | D:10     | Found a staircase to the Lair.
  8643 | D:11     | Reached skill level 10 in Fighting
  9133 | D:11     | Found Hisubon's General Store.
  9143 | D:11     | Bought a potion of mutation for 120 gold pieces
  9691 | D:12     | Noticed a centaur warrior
  9791 | D:12     | Killed a centaur warrior
  9791 | D:12     | Reached skill level 14 in Polearms
  9924 | D:12     | Noticed a two-headed ogre
  9934 | D:12     | Killed a two-headed ogre
  9971 | D:12     | Reached XP level 12. HP: 77/107 MP: 19/19
 10090 | D:12     | Noticed Urug
 10102 | D:12     | Killed Urug
 10107 | D:12     | HP: 5/108 [poisoned by Urug]
 10112 | D:12     | HP: 4/108 [poisoned by Urug]
 10119 | D:12     | HP: 4/108 [poisoned by Urug]
 10127 | D:12     | HP: 5/108 [poisoned by Urug]
 10808 | D:12     | Noticed a fire dragon
 10819 | D:12     | Killed a fire dragon
 11144 | D:12     | Reached skill level 15 in Polearms
 11208 | D:12     | Found a blossoming altar of Fedhas.
 11210 | D:12     | Found a shimmering altar of Xom.
 11210 | D:12     | Found an iron altar of Okawaru.
 11212 | D:12     | Found a shattered altar of Ashenzari.
 11212 | D:12     | Found a blossoming altar of Fedhas.
 11212 | D:12     | Found a sparkling altar of Nemelex Xobeh.
 11709 | D:13     | Found Xoimezad's Food Boutique.
 12478 | D:13     | Found a gate to the Vaults.
 12478 | D:13     | Noticed a vault guard
 12478 | D:13     | Noticed a vault guard
 12883 | D:13     | Killed a vault guard
 12883 | D:13     | Reached skill level 16 in Polearms
 12883 | D:13     | Reached XP level 13. HP: 75/117 MP: 20/20
 13126 | D:13     | Got a garnet-encrusted scale mail
 13127 | D:13     | Identified the +7 scale mail of the Greedy {rN+} (You found
                  | it on level 13 of the Dungeon)
 13204 | D:14     | Noticed Louise
 13217 | D:14     | Cast into level 3 of the Abyss (Louise)
 13271 | Abyss:3  | Noticed a starcursed mass
 13475 | Abyss:3  | Noticed a starcursed mass
 13475 | Abyss:3  | Killed from afar by a ynoxinul

Levels and vault maps discovered:
D:1:      minmay_arrival_four_circles, layout_loops_ring, minmay_tetromino_o2
D:2:      layout_basic, okawaru_trees_1
D:3:      layout_basic, overflow_temple_1_default, minitemple,
          chequers_ecumenical_altar_island, kennysheep_minor_cross,
          minivault_14, uniq_ijyb
D:4:      layout_loops_ring, ebering_ghost_sewer_f, first_ration
D:5:      layout_cave_pools, vehumet_statue, lemuel_coloured_pillars_altar,
          kennysheep_mini, due_unseen_surprise, uniq_menkaure,
          uniq_blork_the_orc
D:6:      layout_gridville, nicolae_ru_sacrificial_ziggurat,
          portal_sewer_entry_d, grunt_dithmenos_smoke_and_mirrors, uniq_edmund
D:7:      layout_loops_ring, lemuel_temple_firewalk_a, skrybe_limestone_x,
          uniq_pikel
D:8:      layout_cave_pools, ashenzari_altar_1,
          nemelex_xobeh_ov_fountains_minmay, serial_shops,
          kennysheep_little_box, minivault_19, grunt_livestock,
          minmay_manual_maat, uniq_joseph, uniq_erica
D:9:      layout_cave_pools, marbit_many_paths
D:10:     layout_rooms, david_lair_shrubbed, david_orc_2,
          ebering_ghost_inner_flame
D:11:     layout_irregular_city, serial_shops, nicolae_shop_statue_plus
D:12:     layout_roguey, doesnt_xom_only_xom, uniq_urug
D:13:     layout_basic, grunt_vaults_entry_tiered, serial_shops,
          nicolae_shop_crystal
D:14:     layout_loops_ring, bh_walls_and_bars, basic_altar, uniq_louise
Abyss:3:  base: D:13, grunt_abyss_rune_forest_and_sorcery,
          hangedman_abyss_or_decor_passed, evilmike_abyss_exit_13,
          evilmike_abyss_rune_tso_outpost

Skill      XL: |  1  2  3  4  5  6  7  8  9 10 11 12 13 |
---------------+----------------------------------------+-----
Fighting       | 2 3 4 6 7 9 10 11 12 | 12.1
Polearms       | 3 4 5 6 7 8 10 12 14 16 | 16.3
Evocations     | 1 2 3 5 |  5.0
Throwing       | |  1.7
Dodging        | |  2.6

Action                   |  1- 3 |  4- 6 |  7- 9 | 10-12 | 13-15 || total
-------------------------+-------+-------+-------+-------+-------++-------
Melee: Trident           |   130 |   241 |    38 |       |       ||   409
       Halberd           |       |       |   273 |   643 |    16 ||   932
       Demon trident     |       |       |       |   143 |    44 ||   187
 Abil: Evoke Berserk Rag |       |     3 |    13 |    19 |     4 ||    39
Evoke: Wand              |       |       |       |    13 |       ||    13
  Use: Potion            |       |     4 |       |       |     3 ||     7
       Scroll            |       |       |     9 |    12 |     4 ||    25
 Stab: Distracted        |       |       |     1 |       |       ||     1
       Paralysed         |       |       |       |     8 |       ||     8
  Eat: Chunk             |       |     6 |    17 |    37 |     4 ||    64
       Ration            |       |     1 |     1 |     2 |     3 ||     7
Armor: Chain mail        |    56 |   118 |   209 |   218 |       ||   601
       Troll leather arm |       |       |       |    29 |     7 ||    36
       Fire dragon scale |       |       |       |    10 |       ||    10
Dodge: Dodged            |    42 |    82 |   184 |   268 |    25 ||   601
